 Dungeon Crawl Stone Soup version 0.19-a0-36-g4a0968a (webtiles) character file.

4638 nubinia the Charmwright (level 10, -14/78 HPs)
             Began as a Pale Draconian Conjurer on May 3, 2016.
             Was a Priest of Vehumet.
             Demolished by a spiny frog (24 damage)
             ... on level 1 of the Lair of Beasts.
             The game lasted 00:48:05 (8597 turns).

nubinia the Charmwright (Pale Draconian Conjurer)   Turns: 8597, Time: 00:48:07

Health: -14/78     AC: 11    Str: 11    XL:     10   Next: 20%
Magic:  0/18       EV: 14    Int: 18    God:    Vehumet [***...]
Gold:   473        SH:  0    Dex: 12    Spells: 7 memorised, 3 levels left

rFire  . . .     SeeInvis .     y - +3 hand axe (venom)
rCold  . . .     Gourm    .     (armour unavailable)
rNeg   . . .     Faith    .     (no shield)
rPois  .         Spirit   .     I - +1 hat
rElec  .         Dismiss  .     (no cloak)
rCorr  .         Reflect  .     (no gloves)
SustAt .         Harm     .     x - +0 pair of boots
MR     .....                    (no amulet)
Stlth  ++........               (no ring)
                                l - +2 ring of protection

@: lethally poisoned (-14 -> -17), not resistant to hostile enchantments,
unstealthy
A: breathe steam, unfitting armour, cold-blooded, AC +7
a: Breathe Steam, Renounce Religion


You were on level 1 of the Lair of Beasts.
You worshipped Vehumet.
Vehumet was most pleased with you.
You were not hungry.

You visited 2 branches of the dungeon, and saw 10 of its levels.

You collected 494 gold pieces.
You spent 21 gold pieces at shops.

Inventory:

Hand Weapons
 c - a +0 dagger
 f - the +5 dagger "Gayd" {holy, Int-5 Dex+7, unknown}
   (You found it on level 9 of the Dungeon)

   It has been blessed by the Shining One to cause great damage to the undead
   and demons.
   It affects your intelligence (-5).
   It affects your dexterity (+7).
 m - a +0 dagger of venom
 w - a +1 long sword of slicing
 y - a +3 hand axe of venom (weapon)
 H - a +1 hand axe of chopping
Armour
 x - a +0 pair of boots (worn)
 I - a +1 hat (worn)
Jewellery
 l - a +2 ring of protection (left hand)
 r - an uncursed ring of fire {unknown}
 E - a cursed ring of teleportation {unknown}
Wands
 d - a wand of polymorph (11/24)
 q - a wand of flame (10/48)
 t - a wand of iceblast (6/15)
 B - a wand of paralysis (6/24)
Scrolls
 g - a scroll of magic mapping
 i - a scroll of recharging
 j - 2 scrolls of teleportation
 k - a scroll of immolation
 u - a scroll of enchant weapon
Potions
 e - a potion of brilliance
 p - 2 potions of heal wounds {unknown}
 s - 5 potions of curing
 v - a potion of haste
 z - a potion of mutation
 A - 2 potions of might
 C - 2 potions of agility
 J - a potion of flight
Books
 a - a book of Conjurations

   Spells                             Type                      Level
   a - Magic Dart                     Conjuration                  1
   b - Searing Ray                    Conjuration                  2
   c - Dazzling Spray                 Conjuration/Hexes            3
   d - Fulminant Prism                Conjuration/Hexes            4
   e - Iskenderun's Mystic Blast      Conjuration                  4
   f - Iskenderun's Battlesphere      Conjuration/Charms           5
 h - a book of Burglary

   Spells                             Type                      Level
   a - Swiftness                      Charms/Air                   2
   b - Passwall                       Transmutation/Earth          2
   c - Passage of Golubria            Translocation                4
   d - Lee's Rapid Deconstruction     Earth                        5
   e - Darkness                       Hexes                        6
   f - Invisibility                   Hexes                        6
 K - a book of Flames

   Spells                             Type                      Level
   a - Flame Tongue                   Conjuration/Fire             1
   b - Throw Flame                    Conjuration/Fire             2
   c - Conjure Flame                  Conjuration/Fire             3
   d - Inner Flame                    Hexes/Fire                   3
   e - Sticky Flame                   Conjuration/Fire             4
   f - Fireball                       Conjuration/Fire             5
Comestibles
 b - 6 bread rations
 n - 7 meat rations
 o - 2 beef jerkies
 D - 9 royal jellies


   Skills:
 + Level 4.1 Fighting
 + Level 1.4(1.7) Short Blades
 - Level 1.4(1.7) Long Blades
 + Level 3.6 Axes
 + Level 5.7 Dodging
 + Level 4.0 Stealth
 + Level 5.6 Spellcasting
 + Level 6.6 Conjurations
 + Level 1.3 Hexes
 + Level 6.6 Charms
 + Level 2.8 Fire Magic
 + Level 2.9 Air Magic
 - Level 0.2 Poison Magic
 + Level 0.7 Evocations


You had 3 spell levels left.
You knew the following spells:

 Your Spells              Type           Power        Failure   Level  Hunger
a - Magic Dart            Conj           ####         1%          1    None
b - Dazzling Spray        Conj/Hex       ###...       2%          3    ##.....
c - Sting                 Conj/Pois      ###.         1%          1    None
d - Iskenderun's Mystic   Conj           ####....     2%          4    ####...
e - Swiftness             Chrm/Air       ###.....     2%          2    None
f - Flame Tongue          Conj/Fire      ###..        1%          1    None
i - Iskenderun's Battles  Conj/Chrm      ####....     7%          5    #####..


Dungeon Overview and Level Annotations

Branches:
Dungeon (9/15)             Temple (0/1) D:6            Lair (1/8) D:9
    Orc: D:9-12

Altars:
Elyvilon
Nemelex Xobeh
Qazlal
Ru
Trog
Vehumet
Xom

Shops:
D:6 *

Annotations:
D:3 Terence
D:4 exclusion: centaur


Innate Abilities, Weirdness & Mutations

You can breathe blasts of scalding, opaque steam.
Your pale cyan-grey scales are hard (AC +7).
Your body does not fit into most forms of armour.
You are cold-blooded and may be slowed by cold attacks.


Message History

The magic dart hits the spiny frog.
The spiny frog is severely wounded.
You feel sick.
Your battlesphere fires!
The barrage of energy hits the spiny frog.
The spiny frog is severely wounded.
The spiny frog stings you.
* * * LOW HITPOINT WARNING * * *
Casting: Magic Dart
Confirm with . or Enter, or press ? or * to list all spells.
Aiming: Magic Dart
Press: ? - help, Shift-Dir - straight line, f/p - spiny frog
Aim: a spiny frog (severely wounded)
The magic dart hits the spiny frog.
The spiny frog is severely wounded.
Your battlesphere fires!
The barrage of energy hits the spiny frog.
The spiny frog is almost dead.
The spiny frog stings you!!
You die...

..#.###P..####..*≈♣♣
.......<.## ####.≈♣
#####+#### #.[P♣ #.##
### ##.♣♣♣
#.#≈♣♣♣≈♣##.♣♣♣♣≈≈
#.#♣≈P≈≈≈≈≈≈P≈≈≈≈≈≈ #
#.≈PP≈P≈≈≈≈≈≈≈≈≈≈≈≈
#..♣PPFP≈≈≈≈≈≈≈≈P≈≈≈≈
#....@...............
#..≈≈≈≈≈≈*≈≈P≈≈≈≈≈≈≈≈
#.#≈≈≈≈P≈≈♣♣♣♣≈≈≈≈♣♣.
#P #♣♣≈P≈≈P≈P≈ ♣♣♣♣≈.
# #≈≈≈≈≈... ..
#####}.>.. ..... +.#


You could see a spiny frog and a friendly battlesphere.

Vanquished Creatures
  A cyclops (D:9)
  A troll (D:9)
  A wyvern (D:9)
  2 hippogriffs
  3 wargs (D:9)
  2 water moccasins
  A phantom (D:9)
  An eye of draining (D:9)
  2 ice beasts
  An orc warrior (D:8)
  3 sky beasts
  A black bear (D:9)
  2 ogres
  2 centaurs
  A crocodile (D:7)
  A wyvern zombie (D:9)
  3 giant frogs
  6 killer bees (D:8)
  3 wights (D:7)
  5 crimson imps
  A centaur zombie (D:7)
  7 jellies
  A quasit (D:9)
  A hound (D:6)
  2 centaur skeletons
  5 orc priests
  An iguana (D:5)
  5 orc wizards
  A worker ant (D:4)
  4 sheep (D:9)
  A killer bee zombie (D:5)
  2 hound skeletons
  5 adders
  7 oozes
  2 adder skeletons
  An adder zombie (D:7)
  2 worms
  A dart slug (D:3)
  5 giant geckos
  26 orcs
  8 bats
  4 giant cockroaches
  9 goblins
  13 hobgoblins
  9 jackals
  6 kobolds
  4 quokkas
  A ball python (D:1)
  A giant gecko skeleton (D:5)
  4 giant newts
  A quokka skeleton (D:4)
  A quokka zombie (D:7)
  13 rats
196 creatures vanquished.

Notes
Turn   | Place    | Note
--------------------------------------------------------------
     0 | D:1      | nubinia the Draconian Conjurer began the quest for the Orb.
     0 | D:1      | Reached XP level 1. HP: 14/14 MP: 3/3
   418 | D:1      | Reached XP level 2. HP: 20/20 MP: 3/5
  1062 | D:1      | Reached XP level 3. HP: 26/26 MP: 0/6
  1071 | D:1      | Learned a level 3 spell: Dazzling Spray
  1599 | D:2      | Found a radiant altar of Vehumet.
  1607 | D:2      | Became a worshipper of Vehumet
  1823 | D:3      | Noticed a moth of wrath
  1826 | D:3      | Found a bloodstained altar of Trog.
  1934 | D:3      | Reached XP level 4. HP: 33/33 MP: 8/8
  2178 | D:3      | Found a stormy altar of Qazlal.
  2421 | D:3      | Noticed Terence
  2686 | D:3      | Reached * piety under Vehumet
  2686 | D:3      | Offered knowledge of Sting by Vehumet.
  2689 | D:3      | Learned a level 1 spell: Sting
  2730 | D:3      | Found a sacrificial altar of Ru.
  2861 | D:4      | Reached skill level 1 in Fighting
  2861 | D:4      | Reached XP level 5. HP: 36/40 MP: 9/9
  2914 | D:4      | Noticed an ogre
  2935 | D:4      | Killed an ogre
  3209 | D:4      | Reached skill level 1 in Long Blades
  3209 | D:4      | Reached skill level 5 in Conjurations
  3236 | D:4      | Found a shimmering altar of Xom.
  3291 | D:4      | Reached XP level 6. HP: 44/50 MP: 6/11
  3611 | D:5      | Entered Level 5 of the Dungeon
  3772 | D:5      | Noticed a sky beast
  3861 | D:5      | Reached skill level 1 in Axes
  4032 | D:5      | Reached ** piety under Vehumet
  4032 | D:5      | Your scales start taking on a pale cyan-grey colour.
  4032 | D:5      | Reached XP level 7. HP: 56/56 MP: 12/12
  4128 | D:5      | Offered knowledge of Throw Frost by Vehumet.
  4134 | D:5      | Learned a level 4 spell: Iskenderun's Mystic Blast
  4503 | D:6      | Found a white marble altar of Elyvilon.
  4531 | D:6      | Found Ohikufyfao's Assorted Antiques.
  4536 | D:6      | Bought a scroll labeled XEZXOH XIYXY for 21 gold pieces
  4552 | D:6      | Found a staircase to the Ecumenical Temple.
  4632 | D:6      | Learned a level 2 spell: Swiftness
  4870 | D:7      | Reached skill level 1 in Air Magic
  4956 | D:7      | Reached XP level 8. HP: 63/63 MP: 11/14
  5436 | D:7      | Learned a level 1 spell: Flame Tongue
  5635 | D:7      | Reached skill level 1 in Fire Magic
  5774 | D:8      | Found a sparkling altar of Nemelex Xobeh.
  5822 | D:8      | Offered knowledge of Ignite Poison by Vehumet.
  5822 | D:8      | Reached skill level 5 in Spellcasting
  5981 | D:8      | Reached skill level 5 in Dodging
  6004 | D:8      | Reached skill level 1 in Short Blades
  6004 | D:8      | Reached XP level 9. HP: 54/71 MP: 2/16
  6662 | D:8      | Learned a level 5 spell: Iskenderun's Battlesphere
  6822 | D:9      | Reached skill level 1 in Charms
  6904 | D:9      | Found a staircase to the Lair.
  6913 | D:9      | Got a bone dagger
  7014 | D:9      | Reached *** piety under Vehumet
  7037 | D:9      | Noticed a cyclops
  7408 | D:9      | Reached skill level 5 in Charms
  7453 | D:9      | Noticed a troll
  7592 | D:9      | Killed a troll
  7654 | D:9      | Offered knowledge of Static Discharge by Vehumet.
  7966 | D:9      | Killed a cyclops
  7966 | D:9      | Reached skill level 1 in Hexes
  7966 | D:9      | Reached XP level 10. HP: 78/78 MP: 8/18
  8554 | Lair:1   | Entered Level 1 of the Lair of Beasts
  8585 | Lair:1   | Noticed a spiny frog
  8597 | Lair:1   | Demolished by a spiny frog

Vault maps used:
D:1:      minmay_arrival_loop, nrook_mini_backslash, roderic_aztec_sauvastika
D:2:      vehumet_crystals
D:3:      corexii_shack_village, nicolae_ru_the_path_less_chosen, tgw_trog,
          nicolae_qazlal_eye_of_the_storm, uniq_terence
D:4:      lemuel_crystal_altar
D:5:      first_bread, minivault_4
D:6:      lemuel_doored_altar, minmay_temple_entry_hall, serial_shops,
          kennysheep_little_box
D:8:      lemuel_round_altar
D:9:      erik_lair_orcish_takeover, minmay_statues_item,
          hangedman_little_slice_of_home
Lair:1:   serial_bayou, serial_bayou_shore_a, serial_bayou_shore_b,
          serial_bayou_pond_e, serial_bayou_lagoon_a, serial_bayou_ford_a,
          serial_bayou_lagoon_b

Skill      XL: |  1  2  3  4  5  6  7  8  9 10 |
---------------+-------------------------------+-----
Dodging        | 2 3 4 5 |  5.7
Stealth        | 2 3 4 |  4.0
Spellcasting   | 3 4 5 |  5.6
Fighting       | 1 2 3 4 |  4.1
Long Blades    | 1 |  1.4
Conjurations   | 5 6 |  6.6
Axes           | 1 2 3 |  3.6
Air Magic      | 1 2 |  2.9
Fire Magic     | 2 |  2.8
Short Blades   | 1 |  1.4
Charms         | 6 |  6.6
Hexes          | 1 |  1.3
Poison Magic   | |  0.2
Evocations     | |  0.7

Action                   |  1- 3 |  4- 6 |  7- 9 | 10-12 || total
-------------------------+-------+-------+-------+-------++-------
Melee: Dagger            |    43 |    60 |    46 |       ||   149
       Tailslap          |     2 |    14 |    25 |     1 ||    42
       Long sword        |       |    38 |       |       ||    38
       Hand axe          |       |    59 |   151 |    31 ||   241
 Cast: Magic Dart        |    82 |    39 |    99 |    18 ||   238
       Dazzling Spray    |       |    11 |    32 |    10 ||    53
       Sting             |       |     4 |     6 |       ||    10
       Swiftness         |       |       |     2 |       ||     2
       Iskenderun's Batt |       |       |       |     2 ||     2
 Abil: Breathe Steam     |       |       |    28 |       ||    28
Evoke: Wand              |       |       |     4 |       ||     4
  Use: Scroll            |     4 |     2 |    15 |       ||    21
       Potion            |       |     1 |       |       ||     1
 Stab: Sleeping          |     3 |     7 |     3 |     4 ||    17
       Invisible         |       |     1 |     2 |     2 ||     5
       Distracted        |       |       |     1 |       ||     1
  Eat: Chunk             |     4 |     8 |    14 |       ||    26
       Royal jelly       |       |       |     1 |     1 ||     2
       Pizza             |       |       |     1 |     1 ||     2
Armor: Skin              |    25 |    49 |    85 |    17 ||   176
Dodge: Dodged            |    34 |    99 |   173 |    36 ||   342
